 Dungeon Crawl Stone Soup version 0.28.0-62-gf88900778d (webtiles) character file.

Game seed: 18293971760935021540

674 AarnesTheHuman the Shield-Bearer (level 7, -3/60 HPs)
             Began as a Gnoll Fighter on Mar 20, 2023.
             Slain by Menkaure (16 damage)
             ... on level 4 of the Dungeon.
             The game lasted 00:06:21 (3190 turns).

AarnesTheHuman the Shield-Bearer (Gnoll Fighter)    Turns: 3190, Time: 00:06:21

Health: -3/60      AC: 13    Str: 17    XL:     7   Next: 59%
Magic:  10/10      EV: 10    Int:  8    God:
Gold:   123        SH:  5    Dex: 11    Spells: 11/11 levels left

rFire   . . .      SeeInvis .   a - +0 war axe
rCold   . . .      Faith    .   c - +0 buckler
rNeg    . . .      Spirit   .   q - +0 scale mail
rPois   .          Reflect  .   (no helmet)
rElec   .          Harm     .   (no cloak)
rCorr   .          Rampage  .   (no gloves)
Will    .....                   h - +0 pair of boots
Stlth   +.........              (no amulet)
HPRegen 0.20/turn               j - +4 ring of protection
MPRegen 0.12/turn               A - +4 ring of slaying

@: no status effects
A: fangs 1, strong nose, distributed training
a: no special abilities


You were on level 4 of the Dungeon.
You visited 1 branch of the dungeon, and saw 4 of its levels.

You collected 123 gold pieces.

Inventory:

Hand Weapons
 a - a +0 war axe (weapon)
 b - a +0 hunting sling
 f - a +0 spear
 m - a +1 dagger of speed
Missiles
 e - 148 stones
 g - 9 sling bullets
 u - 10 poisoned darts (quivered)
Armour
 c - a +0 buckler (worn)
 h - a +0 pair of boots (worn)
 q - a +0 scale mail (worn)
Jewellery
 j - a +4 ring of protection (left hand)
 x - an amulet of magic regeneration
 A - a +4 ring of slaying (right hand)
 C - a +6 ring of dexterity
Wands
 d - a wand of iceblast (15)
Scrolls
 z - a scroll of teleportation
Potions
 i - a potion of magic {unknown}
 k - 3 potions of attraction
 n - a potion of flight {unknown}
 o - a potion of berserk rage {unknown}
 s - a potion of ambrosia {unknown}
 t - a potion of invisibility {unknown}
 v - a potion of brilliance {unknown}
 w - a potion of mutation {unknown}
 B - a potion of heal wounds


   Skills:
 + Level 7.1 Fighting
 + Level 2.6 Short Blades
 + Level 2.6 Long Blades
 + Level 5.3 Axes
 + Level 2.6 Maces & Flails
 + Level 2.6 Polearms
 + Level 2.6 Staves
 + Level 2.6 Slings
 + Level 2.6 Bows
 + Level 2.6 Crossbows
 + Level 2.6 Throwing
 + Level 7.1 Armour
 + Level 2.6 Dodging
 + Level 2.6 Stealth
 + Level 7.1 Shields
 + Level 2.6 Unarmed Combat
 + Level 2.6 Spellcasting
 + Level 2.1 Conjurations
 + Level 2.1 Hexes
 + Level 2.1 Summonings
 + Level 2.1 Necromancy
 + Level 2.1 Translocations
 + Level 2.1 Transmutations
 + Level 2.1 Fire Magic
 + Level 2.1 Ice Magic
 + Level 2.1 Air Magic
 + Level 2.1 Earth Magic
 + Level 2.1 Poison Magic
 + Level 2.9 Invocations
 + Level 2.6 Evocations


You had 11 spell levels left.
You didn't know any spells.
Your spell library contained the following spells:

 Spells                   Type           Power      Damage    Failure   Level
 Animate Skeleton         Necr           8%         N/A       45%         1
 Apportation              Tloc           8%         N/A       45%         1
 Slow                     Hex            16%        N/A       45%         1
 Summon Small Mammal      Summ           16%        N/A       45%         1
 Confusing Touch          Hex            4%         N/A       83%         3
 Portal Projectile        Hex/Tloc       8%         N/A       83%         3
 Vampiric Draining        Necr           4%         2d6       83%         3
 Blade Hands              Tmut           2%         N/A       100%        5
 Excruciating Wounds      Necr           2%         N/A       100%        5


Dungeon Overview and Level Annotations

Branches:
Dungeon (4/15)
 Temple: D:4-7

Altars:
Uskayaw

Shops:
D:1 [[*=:   D:3 !

Annotations:
D:3 2 runed translucent doors, lasso's ghost, amateur OpCj
D:4 Menkaure


Innate Abilities, Weirdness & Mutations

You have very sharp teeth.
Your uncanny sense of smell can sniff out nearby items.
Your experience applies equally to all skills.


Message History

Okay, then.
Unknown command.
Press: ? - help, v - describe, . - travel
Here: Menkaure The floor.
Unknown command.
Okay, then.
Unknown command.
b - a +0 hunting sling (weapon)
You shoot a sling bullet. The sling bullet hits Menkaure.
Menkaure is moderately damaged.
You shoot a sling bullet. The sling bullet hits Menkaure.
Menkaure is moderately damaged.
You shoot a sling bullet. The sling bullet hits Menkaure.
Menkaure is heavily damaged.
You shoot a sling bullet.
The sling bullet barely misses Menkaure.
a - a +0 war axe (weapon)
Menkaure closely misses you.
You completely miss Menkaure.
Menkaure is heavily damaged.
Menkaure gestures wildly while chanting.
Menkaure seems to speed up.
You hit Menkaure. You bite Menkaure.
Menkaure is severely damaged.
Menkaure points at you and mumbles some strange words.
Pain shoots through your body! Menkaure hits you!
You closely miss Menkaure.
Menkaure is heavily damaged.
Menkaure misses you.
You hit Menkaure. You bite Menkaure, but do no damage.
Menkaure is severely damaged.
Menkaure hits you!
Menkaure calls on the powers of darkness!
Your body is wracked with pain!
* * * LOW HITPOINT WARNING * * *
You barely miss Menkaure.
Menkaure is severely damaged.
Menkaure hits you!
You die...

....#. #..#
#.#..##.
......#.....# #'
### # .#...#.....#
#....#....#
###.......... ##
##.......... #.#
###..#......#
##..##........$..#
..............@M(##
........###......(#
#..............(...
#.##...........#(..
###..........## ..
#............# .
#.........<..##.
##...............
#................


You could see Menkaure (fast).

Vanquished Creatures
  A water moccasin (D:4)
  A phantom (D:4)
  A scorpion (D:4)
  A howler monkey (D:4)
  2 hounds
  A centaur skeleton (D:4)
  A jelly (D:4)
  Natasha (D:3)
  2 iguanas (D:4)
  4 gnolls
  6 adders
  2 worms
  3 dart slugs
  4 orcs
  5 ball pythons
  7 bats
  9 endoplasms
  6 giant cockroaches
  8 goblins
  11 hobgoblins
  2 jackals (D:2)
  6 quokkas
  5 frilled lizards
  8 kobolds
  10 rats
107 creatures vanquished.

Notes
Turn   | Place    | Note
-------+----------+-------------------------------------------
     0 | D:1      | AarnesTheHuman the Gnoll Fighter began the quest for the
                  | Orb.
     0 | D:1      | Reached XP level 1. HP: 23/23 MP: 1/1
    67 | D:1      | Reached XP level 2. HP: 29/29 MP: 2/2
    67 | D:1      | Found Cynaj's General Store.
    69 | D:1      | Found Seurr's Book Shoppe.
   116 | D:1      | Found Nuih's Jewellery Shop.
   200 | D:1      | Reached XP level 3. HP: 35/35 MP: 3/3
   209 | D:1      | Found Emacim's Antique Armour Boutique.
   263 | D:1      | Found Zaxibipn's Armour Shop.
   524 | D:1      | Reached skill level 1 in Invocations
   900 | D:1      | Reached skill level 1 in Short Blades
   900 | D:1      | Reached skill level 1 in Long Blades
   900 | D:1      | Reached skill level 1 in Maces & Flails
   900 | D:1      | Reached skill level 1 in Polearms
   900 | D:1      | Reached skill level 1 in Staves
   900 | D:1      | Reached skill level 1 in Slings
   900 | D:1      | Reached skill level 1 in Bows
   900 | D:1      | Reached skill level 1 in Crossbows
   900 | D:1      | Reached skill level 1 in Throwing
   900 | D:1      | Reached skill level 1 in Dodging
   900 | D:1      | Reached skill level 1 in Stealth
   900 | D:1      | Reached skill level 1 in Unarmed Combat
   900 | D:1      | Reached skill level 1 in Spellcasting
   900 | D:1      | Reached skill level 1 in Evocations
   903 | D:1      | Reached XP level 4. HP: 29/41 MP: 5/5
  1232 | D:2      | Reached skill level 1 in Conjurations
  1232 | D:2      | Reached skill level 1 in Hexes
  1232 | D:2      | Reached skill level 1 in Summonings
  1232 | D:2      | Reached skill level 1 in Necromancy
  1232 | D:2      | Reached skill level 1 in Translocations
  1232 | D:2      | Reached skill level 1 in Transmutations
  1232 | D:2      | Reached skill level 1 in Fire Magic
  1232 | D:2      | Reached skill level 1 in Ice Magic
  1232 | D:2      | Reached skill level 1 in Air Magic
  1232 | D:2      | Reached skill level 1 in Earth Magic
  1232 | D:2      | Reached skill level 1 in Poison Magic
  1315 | D:2      | Reached XP level 5. HP: 45/47 MP: 6/6
  1727 | D:2      | Found a faded altar of an unknown god.
  2026 | D:3      | You fall into a shaft and drop 1 floor!
  2032 | D:4      | Noticed a water moccasin
  2038 | D:4      | Reached XP level 6. HP: 41/53 MP: 8/8
  2039 | D:4      | Reached skill level 5 in Axes
  2039 | D:4      | Killed a water moccasin
  2042 | D:4      | Reached XP level 7. HP: 43/59 MP: 8/10
  2410 | D:3      | Found Quodgh's Distillery.
  2435 | D:3      | Found a runed translucent door.
  2443 | D:3      | Noticed lasso's ghost (amateur OpCj)
  2592 | D:3      | Found a runed translucent door.
  2600 | D:3      | Noticed Natasha
  2616 | D:3      | Killed Natasha
  2731 | D:3      | Noticed a +0 dagger
  2732 | D:3      | Noticed a +0 hand axe
  2734 | D:3      | Found a hide-covered altar of Uskayaw.
  3178 | D:4      | Noticed Menkaure
  3190 | D:4      | Slain by Menkaure

Illustrated notes

Levels and vault maps discovered:
D:1:      lemuel_arrival_cross, layout_basic, serial_shops, shop, shop,
          nicolae_shop_stone, nicolae_shop_competitors_out_of_business,
          shop_statue
D:2:      layout_basic, basic_ecumenical_altar
D:3:      layout_basic, dancing_weapons_uskayaw, ebering_ghost_sewer_f,
          serial_shops, nicolae_diamond_shop, uniq_natasha
D:4:      layout_cave_pools, nicolae_sif_muna_little_library,
          gammafunk_ghost_split, nicolae_shop_clearance, uniq_menkaure

Skill      XL: |  1  2  3  4  5  6  7 |
---------------+----------------------+-----
Invocations    | 1 2 |  2.9
Short Blades   | 1 2 |  2.6
Long Blades    | 1 2 |  2.6
Maces & Flails | 1 2 |  2.6
Polearms       | 1 2 |  2.6
Staves         | 1 2 |  2.6
Slings         | 1 2 |  2.6
Bows           | 1 2 |  2.6
Crossbows      | 1 2 |  2.6
Throwing       | 1 2 |  2.6
Dodging        | 1 2 |  2.6
Stealth        | 1 2 |  2.6
Unarmed Combat | 1 2 |  2.6
Spellcasting   | 1 2 |  2.6
Evocations     | 1 2 |  2.6
Conjurations   | 1 2 |  2.1
Hexes          | 1 2 |  2.1
Summonings     | 1 2 |  2.1
Necromancy     | 1 2 |  2.1
Translocations | 1 2 |  2.1
Transmutations | 1 2 |  2.1
Fire Magic     | 1 2 |  2.1
Ice Magic      | 1 2 |  2.1
Air Magic      | 1 2 |  2.1
Earth Magic    | 1 2 |  2.1
Poison Magic   | 1 2 |  2.1
Axes           | 5 |  5.3
Fighting       | 7 |  7.1
Armour         | 7 |  7.1
Shields        | 7 |  7.1

Action                   |  1- 3 |  4- 6 |  7- 9 || total
-------------------------+-------+-------+-------++-------
Melee: War axe           |    91 |    86 |    96 ||   273
       Bite              |     8 |    11 |     9 ||    28
 Fire: Hunting sling     |       |     1 |     4 ||     5
  Use: Potion            |       |     1 |       ||     1
       Scroll            |       |       |     6 ||     6
Armor: Scale mail        |    33 |    57 |    32 ||   122
Dodge: Dodged            |    44 |    47 |    31 ||   122
Block: Buckler           |    29 |    32 |    28 ||    89
